 Dungeon Crawl Stone Soup version 0.31.0-11-ge490571c62 (webtiles) character file.

Game seed: 5709873253331076996

275 qw the Skirmisher (level 6, 0/35 HPs)
             Began as a Deep Elf Hunter on Feb 4, 2024.
             Succumbed to Duvessa's poison
             ... on level 4 of the Dungeon.
             The game lasted 00:00:10 (2790 turns).

qw the Skirmisher (Deep Elf Hunter)                 Turns: 2790, Time: 00:00:11

Health: 0/35       AC:  9    Str: 10    XL:     6   Next: 3%
Magic:  8/8        EV: 11    Int: 14    God:
Gold:   168        SH:  0    Dex: 18    Spells: 5/5 levels left

rFire   + . .        a - +1 shortbow
rCold   . . .        (shield currently unavailable)
rNeg    . . .        b - +1 ring mail
rPois   .            h - +2 helmet
rElec   .            (no cloak)
rCorr   .            (no gloves)
SInv    .            (no boots)
Will    .....        (no amulet)
Stlth   +            d - ring of protection from fire
HPRegen 0.25/turn    (no ring)
MPRegen 0.11/turn

%: no passive effects
@: lethally poisoned (0 -> -26), hasted, very quick
A: no striking features
a: no special abilities


You were on level 4 of the Dungeon.
You visited 1 branch of the dungeon, and saw 4 of its levels.

You collected 168 gold pieces.


   Skills:
 - Level 2.0 Fighting
 + Level 9.4 Ranged Weapons
 - Level 2.4 Dodging
 - Level 1.2 Stealth


You had 5 spell levels left.
You didn't know any spells.
Your spell library was empty.

Inventory:

Hand Weapons
 a - a +1 shortbow (weapon)
Armour
 b - a +1 ring mail (worn)
 e - a +0 pair of gloves
 h - a +2 helmet (worn)
Jewellery
 d - a ring of protection from fire (left hand)
 j - a ring of ice
Scrolls
 l - a scroll of fog {unknown}
Potions
 f - 2 potions of heal wounds {unknown}
 g - a potion of invisibility {unknown}
 i - 3 potions of curing
 k - a potion of resistance {unknown}

Dungeon Overview and Level Annotations

Branches:
Dungeon (4/15)
 Temple: D:4-7

Altars:

Annotations:
D:4 Dowan, Duvessa


Message History

Dowan is moderately wounded.
You shoot an arrow. The arrow barely misses Dowan.
Dowan points at you and mumbles some strange words.
The puff of flame hits you. You resist.
You shoot an arrow. The arrow hits Duvessa.
Duvessa is lightly wounded.
Dowan gestures at Duvessa while chanting.
Duvessa seems to speed up.
You shoot an arrow.
The arrow hits Duvessa but does no damage.
Duvessa is lightly wounded.
You shoot an arrow. The arrow hits Duvessa.
Duvessa is moderately wounded.
Duvessa misses you.
You shoot an arrow. The arrow closely misses Duvessa.
The arrow hits the adder.
The adder is heavily wounded.
Duvessa hits you with a +2 rapier of venom.
You are poisoned.
You shoot an arrow. The arrow hits the adder.
The adder is heavily wounded.
You feel sick.
Duvessa hits you with a +2 rapier of venom!
You are lethally poisoned!
The adder closely misses you.
You shoot an arrow. The arrow closely misses the adder.
You feel very sick. Duvessa hits you but does no damage.
The adder barely misses you.
You shoot an arrow. The arrow hits the adder.
You kill the adder!
You feel very sick.
Your Fighting skill increases to level 2!
You shoot an arrow. The arrow hits Duvessa.
Duvessa is heavily wounded.
You feel very sick.
Duvessa hits you with a +2 rapier of venom.
You are more poisoned.
Dowan hits you but does no damage.
You shoot an arrow. The arrow hits Duvessa.
Duvessa is heavily wounded.
You die...

#........ #.... ... #.......
#..... ... #....... #..... ...
#....... #....##...
#......#######....#....
#.....#.....#....#....
#....e#.....#....#....
#...e@#)....#....'....
#.....#.....#....#....
#.....#.....#....#....
#.....#....<#....#....
#.....'.....#....#....
#.....###'###'####....
+.....#...#....................#
#.....#...#....................'
##.....#...#....................#


You could see Duvessa (fast) and Dowan.

Vanquished Creatures
  A kobold brigand (D:4)
  A hound (D:4)
  An iguana (D:4)
  Natasha (D:2)
  5 adders
  A ribbon worm (D:3)
  4 orcs (D:3)
  6 ball pythons
  8 endoplasms
  5 giant cockroaches
  3 goblins
  7 hobgoblins
  6 jackals
  6 quokkas
  4 bats
  2 frilled lizards (D:2)
  8 kobolds
  3 rats (D:1)
72 creatures vanquished.

Notes
Turn   | Place    | Note
-------+----------+-------------------------------------------
     0 | D:1      | qw the Deep Elf Hunter began the quest for the Orb.
     0 | D:1      | Reached XP level 1. HP: 12/12 MP: 3/3
     0 | D:1      | 0 ||| qw: Version: 0.3-a-160-g6735b56
     0 | D:1      | 0 ||| qw: Game counter: 6067
     0 | D:1      | 0 ||| qw: Melee chars always use a shield: true
     0 | D:1      | 0 ||| qw: God list: Okawaru
     0 | D:1      | 0 ||| qw: Allow faded altars: false
     0 | D:1      | 0 ||| qw: Do Orc after clearing Dungeon:15 true
     0 | D:1      | 0 ||| qw: Do second Lair branch before Depths: true
     0 | D:1      | 0 ||| qw: Lair rune preference: random
     0 | D:1      | 0 ||| qw: Goals: Normal
     0 | D:1      | 0 ||| PLANNING D:1-11
   112 | D:1      | Reached skill level 6 in Ranged Weapons
   112 | D:1      | Reached XP level 2. HP: 16/16 MP: 4/4
   668 | D:1      | Reached XP level 3. HP: 20/20 MP: 5/5
   884 | D:1      | 884 ||| UPGRADING to +0 helmet.
   889 | D:1      | 889 ||| UPGRADING to ring of protection from fire.
   890 | D:1      | 890 ||| DROPPING ring of wizardry.
   891 | D:1      | 891 ||| READING scroll labelled CUAWNEJ RUOCOP.
   992 | D:1      | 992 ||| READING scroll labelled EVELUXZOYG.
   992 | D:1      | 992 ||| IDENTIFYING silvery potion
   993 | D:1      | 993 ||| READING scroll labelled DUTILU NIAWU.
   993 | D:1      | 993 ||| ENCHANTING +0 helmet.
   994 | D:1      | 994 ||| READING scroll labelled LUPEOP SAZEQ.
   995 | D:1      | 995 ||| READING scroll labelled PIG SICLENNAGUBB.
   996 | D:1      | 996 ||| DROPPING scroll of butterflies.
  1060 | D:2      | Reached skill level 7 in Ranged Weapons
  1117 | D:2      | Noticed Natasha
  1124 | D:2      | Killed Natasha
  1125 | D:2      | Reached XP level 4. HP: 17/25 MP: 6/6
  1692 | D:2      | 1692 ||| READING scroll of enchant armour.
  1692 | D:2      | 1692 ||| ENCHANTING +1 helmet.
  1737 | D:2      | 1737 ||| UPGRADING to +0 ring mail.
  1747 | D:2      | 1747 ||| DROPPING +0 leather armour.
  1748 | D:2      | 1748 ||| READING 2 scrolls of identify.
  1748 | D:2      | 1748 ||| IDENTIFYING clear potion
  1749 | D:2      | 1749 ||| READING scroll of identify.
  1749 | D:2      | 1749 ||| IDENTIFYING scroll labelled SAOPA MEMET
  1750 | D:2      | 1750 ||| READING scroll labelled ALENYAMOLI.
  1750 | D:2      | 1750 ||| ENCHANTING +0 shortbow.
  1751 | D:2      | 1751 ||| DROPPING scroll of amnesia.
  1752 | D:2      | 1752 ||| DROPPING potion of berserk rage.
  1789 | D:3      | Reached skill level 8 in Ranged Weapons
  2000 | D:3      | 2000 ||| DROPPING +1 sling of draining.
  2056 | D:3      | 2056 ||| READING scroll of enchant armour.
  2056 | D:3      | 2056 ||| ENCHANTING +0 ring mail.
  2239 | D:3      | Reached XP level 5. HP: 29/29 MP: 7/7
  2314 | D:3      | 2314 ||| READING scroll of identify.
  2314 | D:3      | 2314 ||| IDENTIFYING brown potion
  2315 | D:3      | 2315 ||| READING scroll labelled ZEALOU ORUATHRUTE.
  2592 | D:4      | Reached skill level 9 in Ranged Weapons
  2666 | D:4      | Reached XP level 6. HP: 35/35 MP: 8/8
  2775 | D:4      | Noticed Dowan
  2776 | D:4      | Noticed Duvessa
  2778 | D:4      | 2778 ||| DRINKING potion of haste.
  2789 | D:4      | HP: 4/35 [Duvessa/+2 rapier of venom (5)]
  2790 | D:4      | Succumbed to Duvessa's poison

Levels and vault maps discovered:
D:1:      beargit_arrival_diablo_church, layout_loops_corners, minivault_23
D:2:      layout_loops_ring, uniq_natasha
D:3:      layout_basic
D:4:      layout_gridville, minmay_distorted, uniq_ijyb, uniq_duvessa,
          uniq_crazy_yiuf_cottage

Skill      XL: |  1  2  3  4  5  6 |
---------------+-------------------+-----
Ranged Weapons | 6 7 8 9 |  9.4
Fighting       | 2 |  2.0
Dodging        | |  2.4
Stealth        | |  1.2

Action                     |  1- 3 |  4- 6 || total
---------------------------+-------+-------++-------
   Fire: Shortbow          |   113 |   151 ||   264
    Use: Scroll            |     5 |     7 ||    12
         Potion            |       |     1 ||     1
 Armour: Leather armour    |    37 |    11 ||    48
         Ring mail         |       |    24 ||    24
  Dodge: Dodged            |    39 |    38 ||    77

Table legend:
 A = Non-vault XP
 B = Vault XP
 C = Vault XP percentage of total XP
 D = Non-vault monster count
 E = Vault monster count
 F = Vault count percentage of total count
                 A         B        C        D         E       F
            +---------+---------+-------+---------+---------+-------
      Total |     357 |      37 |   9.4 |      70 |       2 |   2.8
            +---------+---------+-------+---------+---------+-------
        D:1 |      43 |       0 |   0.0 |      25 |       0 |   0.0
        D:2 |      67 |      35 |  34.3 |      18 |       1 |   5.3
        D:3 |      54 |       0 |   0.0 |      19 |       0 |   0.0
        D:4 |     193 |       2 |   1.0 |       8 |       1 |  11.1
            +---------+---------+-------+---------+---------+-------
